Map: Invader LE

Players

Fropez

  • Race: Protoss Protoss
  • League: Silver
  • Spawn Location: 11:00

YOANT

  • Race: Zerg Zerg
  • Spawn Location: 1:00

VOD

Have the link to the VOD?

Description

Time

  • Played on: June 23, 2016, 11:17 a.m.
  • Length: 1:35
Show
View Real Time Build Order
Export as new Build Order

Fropez Protoss 

Build Orders:  

Get SALT Encoding   

  12  0:13  Pylon  
  12  0:14  Probe (Chrono Boost)  
  13  0:25  Probe (Chrono Boost)  
  14  0:34  Gateway  
  14  0:36  Probe (Chrono Boost)  
  15  0:56  Assimilator  
  15  1:00  Probe (Chrono Boost)  
  16  1:21  Pylon  
Show
View Real Time Build Order
Export as new Build Order

YOANT Zerg 

Build Orders: Pool Only 

Get SALT Encoding   

  12  0:04  Drone  
  13  0:13  Drone  
  14  0:24  Overlord  
  14  0:38  Spawning Pool  
  14  0:40  Drone  
  14  0:50  Drone  
  14  0:51  Drone  
  14  0:56  Extractor  
  15  0:58  Extractor  
  14  1:05  Drone x2  
  16  1:15  Drone  
Tags
 
League
Silver
Matchup
PvZ
Opening
Pool Only
Replay Pack
All Mines
Spawn Locations
Close Positions
Add a new tag
Caveats
  • Supply blocks, unpowered buildings, or Contaminate may cause inaccurate times.
  • Supply counts are checked every 10 seconds.